 Dungeon Crawl Stone Soup version 0.29.1-2-gbd0b4ee654 (webtiles) character file.

Game seed: 8735540624270583987

962 Raikaria the Cutter (level 8, -2/58 HPs)
             Began as a Djinni Fighter on Nov 10, 2022.
             Was an Initiate of Ashenzari.
             Slain by Pikel
             ... wielding a +0 whip of electrocution
              (16 damage)
             ... on level 5 of the Dungeon.
             The game lasted 00:13:29 (5551 turns).

Raikaria the Cutter (Djinni Fighter)                Turns: 5551, Time: 00:13:31

Health: -2/58      AC:  7    Str: 15    XL:     8   Next: 37%
Gold:   336        EV: 10    Int:  9    God:    Ashenzari [......] SH:  5 Dex: 16

rFire   + + .      SeeInvis .   j - +1 short sword (venom)
rCold   x . .      Faith    .   c - +0 buckler
rNeg    . . .      Spirit   .   b - +0 scale mail
rPois   ∞          Reflect  .   (no helmet)
rElec   .          Harm     .   (no cloak)
rCorr   .          Rampage  .   (no gloves)
Will    .....                   (boots unavailable)
Stlth   ..........              (no amulet)
HPRegen 0.19/turn               (no ring)
MPRegen 0.00/turn               (no ring)

@: flying
A: sickness immunity, fire resistance 2, cold vulnerability 1, float, innate
caster, HP casting, extra vitality 1
a: Renounce Religion


You were on level 5 of the Dungeon.
You worshipped Ashenzari.
Ashenzari was noncommittal.
You visited 2 branches of the dungeon, and saw 7 of its levels.
You also visited: Sewer and Ossuary.

You collected 336 gold pieces.

Inventory:

Hand Weapons
 a - a +0 rapier
 j - a +1 short sword of venom (weapon)
 k - a +0 long sword
Armour
 b - a +0 scale mail (worn)
 c - a +0 buckler (worn)
 x - the +1 leather armour "Duahowebb" {rElec rF+ Stlth+}
   (You found it on level 5 of the Dungeon)

   rF:        It protects you from fire.
   rElec:     It insulates you from electricity.
   Stlth:     It makes you more stealthy.
Wands
 o - a wand of quicksilver (5)
Scrolls
 f - a scroll of immolation {unknown}
 g - 5 scrolls of fog {unknown}
 h - 3 scrolls of fear {unknown}
 n - 3 scrolls of identify {unknown}
 p - a scroll of summoning {unknown}
 q - a scroll of enchant armour {unknown}
 s - 3 scrolls of teleportation {unknown}
 w - a scroll of brand weapon {unknown}
Potions
 d - 3 potions of might
 e - 5 potions of heal wounds
 i - 2 potions of lignification {unknown}
 l - 3 potions of haste {unknown}
 m - 5 potions of curing
 r - a potion of brilliance {unknown}
 t - a potion of invisibility
 u - a potion of berserk rage {unknown}
 v - a potion of attraction {unknown}


   Skills:
 + Level 4.0 Fighting
 - Level 7.0 Short Blades
 + Level 4.0 Armour
 + Level 2.5 Dodging
 + Level 3.9 Shields


You had one spell level left.
You knew the following spells:

 Your Spells              Type           Power      Damage    Failure   Level
a - Necrotise             Necr           0%         1d4       89%         1
b - Scorch                Fire           0%         2d5       96%         2
c - Dazzling Flash        Conj/Hex       0%         N/A       99%         3
Your spell library was empty.

Dungeon Overview and Level Annotations

Branches:
Dungeon (6/15)             Temple (1/1) D:5           Sewer (visited)
Ossuary (visited)

Altars:
Ashenzari
Dithmenos
Elyvilon
Gozag
Makhleb
Nemelex Xobeh
Okawaru
Qazlal
Wu Jian
Xom
Zin

Annotations:
D:5 Pikel


Innate Abilities, Weirdness & Mutations

You are immune to sickness and miasma.
You are immune to poison.
Your flesh is very heat resistant. (rF++)
You are vulnerable to cold. (rC-)
You float through the air rather than walking.
You learn spells naturally, not from books.
Your magical power is your life essence.
You have superior vitality. (+4 MHP)


Message History

Pikel is lightly wounded.
Pikel drinks a potion.
Pikel is healed!
Pikel looks more healthy.
You hit Pikel.
Pikel is poisoned.
Pikel is lightly wounded.
You hit Pikel but do no damage.
Pikel looks as sick as possible!
Pikel is lightly wounded.
Pikel closely misses you.
You closely miss Pikel.
Pikel is moderately wounded.
Pikel hits you with a +0 whip of electrocution.
You are electrocuted!
There is a stone staircase leading down here.
Pikel attacks as you move away! Pikel barely misses you.
Pikel attacks as you move away! You block Pikel's attack.
You closely miss Pikel.
Pikel is almost dead.
Pikel hits you with a +0 whip of electrocution.
You hit Pikel but do no damage.
Pikel is almost dead.
You block Pikel's attack.
You closely miss Pikel.
Pikel is almost dead.
You hit Pikel but do no damage.
Pikel is almost dead.
Pikel says, "You'll feel the lick of my whip!"
Pikel hits you with a +0 whip of electrocution!
You are electrocuted!
You barely miss Pikel.
Pikel is almost dead.
Pikel hits you but does no damage.
You hit Pikel.
Pikel looks even sicker.
Pikel is almost dead.
Pikel hits you with a +0 whip of electrocution.
* * * LOW HITPOINT WARNING * * *
You barely miss Pikel.
Pikel is almost dead.
You barely miss Pikel.
Pikel is almost dead.
Pikel hits you but does no damage.
You are electrocuted!
You die...

#......†.....##.##.####.#
#............##)##.##...#
#####'#########[......###
#######'### #..#.####
#.........# ##..#.#
#.........######).##.#
.#....................#
.#.........#####...####
.#.........# ##K@#.#
.#############..##.#
....# ##......# ....#
######...######
....###.............#
......#.............#
†..##.#.............#
...##..>............#
...####.............#


You could see Pikel (very poisoned).

Vanquished Creatures
  The ghost of Henri the Sneak, an amateur VSEn (D:4)
  4 lemures (D:5)
  2 kobold brigands (Sewer)
  A scorpion (D:4)
  A necrophage (D:4)
  4 orc priests
  A human zombie (Ossuary)
  3 hounds
  A jelly (D:4)
  An iguana (D:4)
  3 mummies (Ossuary)
  5 adders
  4 gnolls (D:2)
  An ufetubus (D:5)
  4 worms
  7 dart slugs
  12 orcs
  5 ball pythons
  6 bats
  4 endoplasms
  4 giant cockroaches
  7 goblins
  10 hobgoblins
  3 jackals (Sewer)
  10 kobolds
  7 quokkas
  4 frilled lizards
  A gnoll zombie (Ossuary)
  2 goblin zombies (Ossuary)
  A hobgoblin zombie (Ossuary)
  A kobold zombie (D:4)
  3 orc zombies (Ossuary)
  8 rats
131 creatures vanquished.

Vanquished Creatures (others)
  3 fungi (D:2)
  2 toadstools (D:2)
5 creatures vanquished.

Grand Total: 136 creatures vanquished

Notes
Turn   | Place    | Note
-------+----------+-------------------------------------------
     0 | D:1      | Raikaria the Djinni Fighter began the quest for the Orb.
     0 | D:1      | Reached XP level 1. HP: 20/20 MP: 0/0
    57 | D:1      | Reached skill level 2 in Short Blades
    81 | D:1      | Reached XP level 2. HP: 25/25 MP: 0/0
   286 | D:1      | Reached XP level 3. HP: 24/30 MP: 0/0
   286 | D:1      | Learned a level 1 spell: Necrotise
   292 | D:1      | Reached skill level 3 in Short Blades
   479 | D:1      | Found a faded altar of an unknown god.
   824 | D:3      | Reached XP level 4. HP: 31/35 MP: 0/0
   842 | D:3      | Reached skill level 4 in Short Blades
  1173 | D:3      | Found a burning altar of Makhleb.
  1396 | D:3      | Reached XP level 5. HP: 33/40 MP: 0/0
  1396 | D:3      | Learned a level 2 spell: Scorch
  1416 | D:3      | Found a glowing drain.
  1442 | Sewer    | Entered a sewer
  1523 | Sewer    | Noticed a kobold brigand
  1525 | Sewer    | Noticed a kobold brigand
  1563 | Sewer    | Killed a kobold brigand
  1564 | Sewer    | Reached skill level 5 in Short Blades
  1580 | Sewer    | Killed a kobold brigand
  1581 | Sewer    | Reached XP level 6. HP: 26/46 MP: 0/0
  1757 | Sewer    | Found a glowing silver altar of Zin.
  1832 | D:4      | Reached skill level 6 in Short Blades
  1968 | D:4      | Found a runed translucent gate.
  1971 | D:4      | Found a runed translucent gate.
  1971 | D:4      | Found a runed translucent gate.
  1972 | D:4      | Found an opulent altar of Gozag.
  1972 | D:4      | Noticed Henri's ghost (amateur VSEn)
  2077 | D:4      | Reached XP level 7. HP: 47/50 MP: 0/0
  2077 | D:4      | Learned a level 3 spell: Dazzling Flash
  2099 | D:4      | Found a sand-covered staircase.
  2118 | Ossuary  | Entered an ossuary
  2782 | D:5      | Entered Level 5 of the Dungeon
  2832 | D:3      | Found a sparkling altar of Nemelex Xobeh.
  3517 | D:2      | Identified the +2 robe "Alinwi Tiju" {Str+3}
  3772 | D:2      | Reached skill level 7 in Short Blades
  4330 | D:4      | Reached skill level 1 in Dodging
  4502 | D:4      | Killed Henri's ghost
  4503 | D:4      | Reached XP level 8. HP: 25/56 MP: 0/0
  5043 | D:5      | Found a staircase to the Ecumenical Temple.
  5052 | Temple   | Entered the Ecumenical Temple
  5116 | Temple   | Became a worshipper of Ashenzari the Shackled
  5322 | D:5      | Identified the +1 leather armour "Duahowebb" {rElec rF+
                  | Stlth+}
  5368 | D:5      | Noticed Pikel
  5551 | D:5      | Slain by Pikel

Illustrated notes

Levels and vault maps discovered:
D:1:      minmay_arrival_hallway, layout_rooms,
          shapermc_ecumenical_altar_mp_vishouse
D:2:      layout_loops_ring, minmay_gold_behind_fungi,
          minmay_misc_feat_more_columns, kennysheep_generic_room_14
D:3:      layout_loops_cross, lightli_temple_of_fire,
          mainiacjoe_overflow_catwalk, gup_sewer_entry_bubbles
D:4:      layout_rooms, ebering_ghost_gozag, enter_ossuary_3,
          amcnicky_mini_corridor_feature, minivault_24, grunt_ministairs_11
D:5:      layout_basic, minmay_temple_entry_junction, uniq_pikel
D:6:      layout_basic, serial_shops, shop, kennysheep_mini, shop,
          nicolae_shop_statue_plus, nicolae_shop_behind_doors,
          minmay_manual_mares, uniq_blork_the_orc
Temple:   bh_familiar_temple

Skill      XL: |  1  2  3  4  5  6  7  8 |
---------------+-------------------------+-----
Short Blades   | 2 3 4 5 6 7 |  7.0
Dodging        | 1 2 |  2.5
Fighting       | 4 |  4.0
Armour         | 4 |  4.0
Shields        | |  3.9

Action                   |  1- 3 |  4- 6 |  7- 9 || total
-------------------------+-------+-------+-------++-------
Melee: Rapier            |    95 |    21 |       ||   116
       Short sword       |       |   115 |   396 ||   511
Armor: Scale mail        |    56 |    28 |    93 ||   177
Dodge: Dodged            |    38 |    42 |    95 ||   175
Block: Buckler           |    17 |    22 |    60 ||    99
